 Dungeon Crawl Stone Soup version 0.25-a0-426-g7d9e569eea (webtiles) character file.

Game seed: 13984589226465644855, levelgen mode: deterministic

25 BeastOfSaturn the Ruffian (level 2, -2/23 HPs)
             Began as a Draconian Transmuter on Jan 25, 2020.
             Killed by nerve-wracking pain
             ... invoked by Jessica
              (13 damage)
             ... on level 2 of the Dungeon.
             The game lasted 00:04:24 (1325 turns).

BeastOfSaturn the Ruffian (Draconian Transmuter)    Turns: 1325, Time: 00:04:26

Health: -2/23      AC:  5    Str: 12    XL:     2   Next: 86%
Magic:  4/5        EV: 12    Int: 13    God:
Gold:   54         SH:  0    Dex: 11    Spells: 4/5 levels left

rFire    . . .     SeeInvis .     - Unarmed
rCold    . . .     Gourm    .   (no shield)
rNeg     . . .     Faith    .   (armour unavailable)
rPois    .         Spirit   .   (helmet restricted)
rElec    .         Reflect  .   i - +0 cloak
rCorr    .         Harm     .   (no gloves)
MR       .....                  (boots currently unavailable)
Stlth    +.........             (no amulet)
HPRegen  0.07/turn              (no ring)
MPRegen  0.09/turn              (no ring)

@: appendage
A: unfitting armour, talons 3, cold-blooded, AC +4
a: End Transformation


You were on level 2 of the Dungeon.
You were not hungry.
You had grown temporary talons.
You visited 1 branch of the dungeon, and saw 2 of its levels.

You collected 54 gold pieces.

Inventory:

Missiles
 a - 12 arrows
Armour
 i - a +0 cloak (worn)
Scrolls
 b - a scroll of remove curse {unknown}
 d - 3 scrolls of identify {unknown}
 f - a scroll of magic mapping {unknown}
 g - a scroll of amnesia {unknown}
 h - a scroll of random uselessness {unknown}
Potions
 e - a potion of heal wounds {unknown}
 j - 2 potions of curing {unknown}


   Skills:
 * Level 1.2 Fighting
 * Level 2.1 Dodging
 + Level 0.2 Stealth
 * Level 3.5 Unarmed Combat
 + Level 2.1 Spellcasting
 + Level 2.1 Transmutations


You had 4 spell levels left.
You knew the following spells:

 Your Spells              Type           Power        Failure   Level  Hunger
a - Beastly Appendage     Tmut           #.....       11%         1    ##.....

Your spell library contained the following spells:

 Spells                   Type           Power        Failure   Level  Hunger
 Sticks to Snakes         Tmut           #.......     16%         2    ###....
 Spider Form              Tmut/Pois      #.........   43%         3    ####...
 Ice Form                 Ice/Tmut       #.......     85%         4    #####..
 Blade Hands              Tmut           #.........   96%         5    ######.


Dungeon Overview and Level Annotations

Branches:
Dungeon (2/15)

Altars:
Sif Muna

Annotations:
D:2 1 runed translucent door, Crazy Yiuf, Jessica


Innate Abilities, Weirdness & Mutations

Your plain brown scales are hard. (AC +4)
You cannot fit into any form of body armour.
You are cold-blooded and may be slowed by cold attacks.
You have claws for feet.


Message History

You resist with some effort.
Jessica grins evilly.
Jessica looks very angry.
You see here 17 sling bullets.
Your horns disappear.
Press: ? - help, v - describe, . - travel
Here: Jessica, wielding a +0 club, wearing a +0 robe and carrying a wand of polymorph (10)
The floor.
Casting: Beastly Appendage (safe; 11% risk of failure)
Confirm with . or Enter, or press ? or * to list all spells.
You don't know that spell.
Press: ? - help, v - describe, . - travel A rock wall.
Casting: Beastly Appendage (safe; 11% risk of failure)
Confirm with . or Enter, or press ? or * to list all spells.
Your feet morph into talons.
Jessica gestures at you while chanting. Pain shoots through your body!
Ouch! That really hurt!
You die...

#...### ##.....#
####@.....#
#.............
#....[........
#(#...........
#.##.######...
#@#### #.. ###@###
#. #..>..# #####+#
#.###.######...#.#
#.# #........#.#.#
#.###.######...#.##
#.....#
#####.#...##
###.###
#..........# #...##
#.###...<.## #....#
#..#_##.


You could see Jessica.

Vanquished Creatures
  A dart slug (D:1)
  2 leopard geckos (D:1)
  A ball python (D:1)
  3 hobgoblins (D:1)
  7 kobolds (D:1)
  3 bats (D:1)
  3 frilled lizards (D:1)
  A goblin (D:1)
21 creatures vanquished.

Notes
Turn   | Place    | Note
-------+----------+-------------------------------------------
     0 | D:1      | BeastOfSaturn the Draconian Transmuter began the quest for
                  | the Orb.
     0 | D:1      | Reached XP level 1. HP: 16/16 MP: 3/3
   381 | D:1      | Reached XP level 2. HP: 18/23 MP: 3/5
  1247 | D:2      | Found a shimmering blue altar of Sif Muna.
  1282 | D:2      | Found a runed translucent door.
  1283 | D:2      | Noticed Crazy Yiuf
  1308 | D:2      | Noticed Jessica
  1325 | D:2      | Killed from afar by Jessica

Levels and vault maps discovered:
D:1:      minmay_arrival_five_plusses, layout_basic
D:2:      layout_loops_corners, overflow_temple_1_default,
          nicolae_dithmenos_shadow_blocks, uniq_jessica, uniq_crazy_yiuf_cottage

Skill      XL: |  1  2 |
---------------+-------+-----
Dodging        | 2 |  2.1
Fighting       | |  1.2
Stealth        | |  0.2
Unarmed Combat | |  3.5
Spellcasting   | |  2.1
Transmutations | |  2.1

Action                   || total
-------------------------++-------
Melee: Unarmed           ||    62
       Tailslap          ||     6
       Headbutt          ||     4
       Kick              ||     5
       Punch             ||     1
 Cast: Beastly Appendage ||    16
  Eat: Ration            ||     1
Armor: Skin              ||    36
Dodge: Dodged            ||    58

Table legend:
 A = Non-vault XP
 B = Vault XP
 C = Vault XP percentage of total XP
 D = Non-vault monster count
 E = Vault monster count
 F = Vault count percentage of total count
                 A         B        C        D         E       F
            +---------+---------+-------+---------+---------+-------
      Total |      37 |       0 |   0.0 |      21 |       0 |   0.0
            +---------+---------+-------+---------+---------+-------
        D:1 |      37 |       0 |   0.0 |      21 |       0 |   0.0
            +---------+---------+-------+---------+---------+-------
